 Dungeon Crawl Stone Soup version 0.21-a0-171-g0f4a3b6 (webtiles) character file.

1631 roadhouse the Cleaver (level 8, 0/71 HPs)
             Began as a Minotaur Berserker on Aug 7, 2017.
             Was an Elder of Trog.
             Succumbed to a killer bee's poison
             ... on level 5 of the Dungeon.
             The game lasted 00:06:09 (4793 turns).

roadhouse the Cleaver (Minotaur Berserker)          Turns: 4793, Time: 00:06:09

Health: 0/71       AC: 12    Str: 18 (21) XL:     8   Next: 65%
Magic:  7/7        EV:  6    Int:  3 (4)  God:    Trog [****..]
Gold:   317        SH:  0    Dex: 10 (13) Spells: 7/7 levels left

rFire    . . .     SeeInvis .   q - +1 war axe
rCold    . . .     Gourm    .   (no shield)
rNeg     . . .     Faith    .   e - +0 plate armour
rPois    .         Spirit   .   (helmet restricted)
rElec    .         Reflect  .   (no cloak)
rCorr    .         Harm     .   v - +0 pair of gloves
MR       ++...                  (no boots)
Stlth    ..........             (no amulet)
HPRegen  1.21/turn              x - ring of flight
MPRegen  0.10/turn              (no ring)

@: lethally poisoned (0 -> -1), very slightly contaminated, regenerating,
invisible
A: retaliatory headbutt, horns 2
a: Berserk, Trog's Hand, Brothers in Arms, Burn Spellbooks, Renounce Religion,
Evoke Flight


You were on level 5 of the Dungeon.
You worshipped Trog.
Trog was greatly pleased with you.
You were not hungry.

You visited 1 branch of the dungeon, and saw 5 of its levels.

You collected 317 gold pieces.

Inventory:

Hand Weapons
 a - a +0 hand axe
 q - a +1 war axe (weapon)
 s - a +0 club
Missiles
 f - 291 stones (quivered)
 t - 46 sling bullets
Armour
 b - a +0 animal skin
 e - a +0 plate armour (worn)
 r - a +0 chain mail
 v - a +0 pair of gloves (worn)
Jewellery
 x - a ring of flight (left hand)
Scrolls
 m - 2 scrolls of teleportation
 w - a scroll of enchant weapon
 y - 2 scrolls of identify
 z - a scroll of blinking {unknown}
 A - a scroll of remove curse
Potions
 d - 3 potions of mutation
 h - a potion of lignification
 i - a potion of degeneration
 k - a potion of resistance
 n - a potion of brilliance
 o - 2 potions of cancellation
Comestibles
 c - 2 bread rations
 g - 6 fruits
 j - 3 meat rations
 u - a royal jelly


   Skills:
 + Level 6.6 Fighting
 * Level 11.7 Axes
 + Level 3.4 Armour
 - Level 2.1 Dodging
 + Level 1.3 Stealth


You had 7 spell levels left.
You didn't know any spells.

Dungeon Overview and Level Annotations

Branches:
Dungeon (5/15)             Temple (0/1) D:4

Altars:
Dithmenos
Kikubaaqudgha
Uskayaw
The Shining One


Innate Abilities, Weirdness & Mutations

You reflexively headbutt those who attack you in melee.
You have a pair of horns on your head.


Message History

You kill the killer bee!
Trog accepts your kill.
You feel sick.
The killer bee stings you but does no damage.
You hit the killer bee but do no damage.
The killer bee stings you.
* * * LOW HITPOINT WARNING * * *
The killer bee stings you.
* * * LOW HITPOINT WARNING * * *
Unknown command.
Your skin crawls.
You feel resistant to hostile enchantments.
You feel somewhat more hungry.
You feel sick. The killer bee stings you.
* * * LOW HITPOINT WARNING * * *
The killer bee stings you.
* * * LOW HITPOINT WARNING * * *
You are more poisoned.
The killer bee poisons you!
You miss the killer bee.
You die...

†.# ..## .. .... #.# ..
.#### ##+# #.# #. ## #...#
#.# #. ## .....# ####.#
##. .# ......# ##.##.# #..
.####
.......####...#.########..
....+
.......'y@................
.####
.......####........##.....
.# ......#
##..#.##.##.##.# .# .....#
##.#.##.##.##.# .# #>..#
#.#.##.##.##.# .# ##+#
#.#.##.##.#..# .# #.#
#.#.##.##.#.## ## #.#
#.#.##.#...>.. ##.##
#......#..#.##


You could see a killer bee.

Vanquished Creatures
  Menkaure (D:4)
  3 phantoms
  2 ogres (D:4)
  A gnoll sergeant (D:4)
  2 scorpions
  5 killer bees (D:5)
  A howler monkey (D:3)
  A bullfrog zombie (D:4)
  A hound (D:5)
  3 orc priests
  3 bullfrog skeletons (D:4)
  A centaur skeleton (D:4)
  An orc wizard (D:4)
  An iguana (D:5)
  A worker ant (D:4)
  A hound skeleton (D:4)
  A hound zombie (D:4)
  4 worker ant zombies (D:4)
  9 adders
  3 gnolls (D:4)
  A shadow imp (D:5)
  2 oozes
  An adder skeleton (D:4)
  3 adder zombies (D:4)
  4 worms
  2 dart slugs
  A leopard gecko (D:2)
  14 orcs
  A ball python (D:2)
  3 giant cockroaches
  7 hobgoblins
  8 jackals
  12 kobolds
  3 quokkas
  4 bats
  4 frilled lizards
  2 giant cockroach zombies (D:4)
  9 goblins
  A jackal zombie (D:4)
  9 rats
136 creatures vanquished.

Notes
Turn   | Place    | Note
-------+----------+-------------------------------------------
     0 | D:1      | roadhouse the Minotaur Berserker began the quest for the Orb.
     0 | D:1      | Reached XP level 1. HP: 19/19 MP: 0/0
   521 | D:1      | Reached skill level 4 in Axes
   523 | D:1      | Reached XP level 2. HP: 16/27 MP: 1/1
  1037 | D:2      | Reached XP level 3. HP: 33/33 MP: 2/2
  1250 | D:2      | Reached skill level 5 in Axes
  1311 | D:2      | Reached ** piety under Trog
  1314 | D:2      | Reached XP level 4. HP: 33/41 MP: 3/3
  1792 | D:3      | Reached skill level 6 in Axes
  1792 | D:3      | Reached XP level 5. HP: 6/47 MP: 4/4
  2216 | D:3      | Found a hide-covered altar of Uskayaw.
  2219 | D:3      | Reached skill level 1 in Stealth
  2273 | D:3      | Found an ancient bone altar of Kikubaaqudgha.
  2294 | D:3      | Reached skill level 5 in Fighting
  2703 | D:3      | Reached *** piety under Trog
  2839 | D:4      | Reached XP level 6. HP: 51/56 MP: 5/5
  2846 | D:4      | Reached skill level 7 in Axes
  2986 | D:4      | Noticed Menkaure
  2991 | D:4      | Killed Menkaure
  2991 | D:4      | Reached skill level 8 in Axes
  2991 | D:4      | Reached XP level 7. HP: 49/61 MP: 6/6
  3341 | D:4      | Reached skill level 9 in Axes
  3931 | D:4      | Found a staircase to the Ecumenical Temple.
  4001 | D:4      | Reached **** piety under Trog
  4006 | D:4      | Reached skill level 10 in Axes
  4047 | D:4      | Reached XP level 8. HP: 70/70 MP: 7/7
  4195 | D:5      | Entered Level 5 of the Dungeon
  4293 | D:5      | Reached skill level 11 in Axes
  4388 | D:5      | Found a glowing golden altar of the Shining One.
  4625 | D:5      | Found a shadowy altar of Dithmenos.
  4792 | D:5      | HP: 1/71 [killer bee (5)]
  4793 | D:5      | Succumbed to a killer bee's poison

Vault maps used:
D:1:      dpeg_arrival_three_same_balls
D:2:      first_bread, minmay_liquid_box
D:3:      old_standard_altar, nicolae_overflow_crystal_walls
D:4:      minmay_temple_entry_enclosed_plants, serial_undead, serial_undead_b,
          serial_undead_f, serial_undead_f, serial_undead_c, serial_undead_b,
          serial_undead_a, st_stairs_11, lightli_minifort, uniq_menkaure
D:5:      old_standard_altar, basic_altar

Skill      XL: |  1  2  3  4  5  6  7  8 |
---------------+-------------------------+-----
Axes           | 4 5 6 8 10 11 | 11.7
Fighting       | 4 5 6 |  6.6
Stealth        | 1 |  1.3
Armour         | 3 |  3.4
Dodging        | |  2.1

Action                   |  1- 3 |  4- 6 |  7- 9 || total
-------------------------+-------+-------+-------++-------
Melee: Hand axe          |    58 |    40 |       ||    98
       Headbutt          |     9 |    20 |    26 ||    55
       War axe           |       |   104 |   136 ||   240
Invok: Berserk           |       |     2 |     1 ||     3
       Trog's Hand       |       |       |     1 ||     1
  Use: Scroll            |       |     3 |     5 ||     8
       Potion            |       |       |     7 ||     7
 Stab: Sleeping          |     1 |     1 |       ||     2
  Eat: Chunk             |     1 |     7 |     3 ||    11
       Bread ration      |       |       |     1 ||     1
Armor: Animal skin       |     6 |     5 |       ||    11
       Chain mail        |       |    52 |    15 ||    67
       Plate armour      |       |       |    65 ||    65
       Skin              |       |       |     2 ||     2
Dodge: Dodged            |    33 |    78 |    42 ||   153
